 Dungeon Crawl Stone Soup version 0.30-a0-365-ge7f957f1db (webtiles) character file.

Game seed: 9858708685066789831

81 mopl the Shooter (level 4, -4/28 HPs)
             Began as an Octopode Hexslinger on Nov 16, 2022.
             Slain by Natasha (5 damage)
             ... on level 3 of the Dungeon.
             The game lasted 00:02:59 (1351 turns).

mopl the Shooter (Octopode Hexslinger)              Turns: 1351, Time: 00:03:00

Health: -4/28      AC:  1    Str:  9    XL:     4   Next: 42%
Magic:  5/5        EV: 13    Int: 15    God:
Gold:   21         SH:  0    Dex: 14    Spells: 0/5 levels left

rFire   . . .      SeeInvis .    a - +1 sling
rCold   . . .      Faith    .    (no shield)
rNeg    . . .      Spirit   .    (helmet restricted)
rPois   .          Reflect  .    (no amulet)
rElec   .          Harm     .    n - ring of wizardry
rCorr   .          Rampage  .    (no ring)
Will    .....                    (no ring)
Stlth   ++........               (no ring)
HPRegen 0.24/turn                (no ring)
MPRegen 0.09/turn                (no ring)
                                 (no ring)
                                 (no ring)

@: no status effects
A: almost no armour, amphibious, 8 rings, camouflage 1, gelatinous body 1,
(nimble swimmer 1), tentacles
a: no special abilities


You were on level 3 of the Dungeon.
You visited 1 branch of the dungeon, and saw 3 of its levels.

You collected 112 gold pieces.
You spent 91 gold pieces at shops.

Inventory:

Hand Weapons
 a - a +1 sling (weapon)
Missiles
 l - 14 poisoned darts
Jewellery
 n - a ring of wizardry (left tentacle)
Scrolls
 b - 2 scrolls of poison
 c - a scroll of amnesia {unknown}
 d - a scroll of teleportation {unknown}
 f - 3 scrolls of identify
 h - a scroll of fear {unknown}
 i - a scroll of silence {unknown}
 k - a scroll of brand weapon {unknown}
 m - a scroll of acquirement {unknown}
Potions
 e - a potion of resistance
 g - a potion of brilliance
 j - a potion of mutation {!q}
 p - a potion of curing


   Skills:
 - Level 1.0 Fighting
 + Level 4.5 Ranged Weapons
 - Level 2.0 Dodging
 - Level 1.0 Spellcasting
 - Level 3.0 Hexes


You couldn't memorise any spells.
You knew the following spells:

 Your Spells              Type           Power      Damage    Failure   Level
a - Apportation           Tloc           0%         N/A       10%         1
b - Slow                  Hex            36%        N/A       2%          1
f - Portal Projectile     Hex/Tloc       10%        N/A       16%         3

Your spell library contained the following spells:

 Spells                   Type           Power      Damage    Failure   Level
 Cigotuvi's Dreadful Rot  Necr/Pois/Air  0%         N/A       16%         2
 Poisonous Vapours        Pois/Air       0%         N/A       16%         2
 Inner Flame              Hex/Fire       5%         N/A       16%         3
 Cause Fear               Hex            4%         N/A       26%         4
 Mephitic Cloud           Conj/Pois/Air  0%         N/A       28%         3
 Alistair's Intoxication  Tmut/Pois      0%         N/A       92%         5


Dungeon Overview and Level Annotations

Branches:
Dungeon (3/15)

Altars:

Shops:
D:3 ?

Annotations:
D:3 Natasha


Innate Abilities, Weirdness & Mutations

You cannot wear most types of armour.
You are amphibious.
You can wear up to eight rings at the same time.
Your skin changes colour to match your surroundings (Stealth+).
Your rubbery body absorbs attacks. (AC +1, EV +1)
((You are camouflaged when in or above water. (Stealth+)))
You have tentacles for arms and can constrict up to eight enemies at once.


Message History

Natasha barely misses you.
You are now empty-tentacled.
You tentacle-slap Natasha but do no damage.
Your grab misses Natasha. Your squeeze misses Natasha.
Natasha is lightly wounded.
Natasha wildly gestures.
Natasha's front paws start to glow.
Natasha closely misses you.
You miss Natasha. You grab Natasha. You squeeze Natasha.
Natasha is lightly wounded.
You constrict Natasha, but do no damage.
Natasha wildly gestures.
Natasha shimmers violently.
Natasha claws you.
You tentacle-slap Natasha. You squeeze Natasha, but do no damage.
Natasha is lightly wounded.
You constrict Natasha, but do no damage.
Natasha barely misses you.
a - a +1 sling (weapon)
You constrict Natasha. Natasha claws you!
* * * LOW HITPOINT WARNING * * *
The crimson imp blinks!
Unknown command.
Fire: a) +1 sling
Press: ? - help, Q - select action, (/) - cycle Shift-Dir - straight line, f/p - Natasha
Aim: Natasha (moderately wounded, constricted by you, 82% to hit)
You shoot a sling bullet. The sling bullet hits Natasha.
Natasha is moderately wounded.
You constrict Natasha.
Natasha stares at you and mumbles some strange words.
The magic dart hits you.
* * * LOW HITPOINT WARNING * * *
Fire: a) +1 sling
Press: ? - help, Q - select action, (/) - cycle Shift-Dir - straight line, f/p - Natasha
Aim: Natasha (heavily wounded, constricted by you, 82% to hit)
You shoot a sling bullet. The sling bullet barely misses Natasha.
The sling bullet hits the crimson imp.
The crimson imp is heavily wounded.
You constrict Natasha. Natasha claws you.
You die...

#.. #.# ...>...#
... ......# #.#
...... #.#######.#
.... #......##.#
.5. ...###.##.# #.#
.#.# #<##.# ###h#
...# #.##.# #..@#
.∩.###.##.# #.###
...##.#.#.####...##
.#...###...?......#
.#.##.#.##.###...##
...# #.# #.# #..##
##.# ### #.# #..#
..# #.# #..# ###
#.# #..#


You could see Natasha and a crimson imp (summoned).

Vanquished Creatures
  Terence (D:2)
  An adder (D:2)
  A worm (D:2)
  3 dart slugs (D:1)
  A giant cockroach (D:1)
  4 goblins
  5 hobgoblins
  2 jackals (D:2)
  5 kobolds
  4 ball pythons (D:1)
  6 bats
  2 frilled lizards (D:1)
  6 rats
41 creatures vanquished.

Notes
Turn   | Place    | Note
-------+----------+-------------------------------------------
     0 | D:1      | mopl the Octopode Hexslinger began the quest for the Orb.
     0 | D:1      | Reached XP level 1. HP: 13/13 MP: 2/2
    76 | D:1      | Reached XP level 2. HP: 18/18 MP: 3/3
   120 | D:1      | Found a faded altar of an unknown god.
   156 | D:1      | Reached skill level 3 in Ranged Weapons
   274 | D:1      | Reached XP level 3. HP: 16/23 MP: 4/4
   875 | D:2      | Reached skill level 4 in Ranged Weapons
  1160 | D:2      | Noticed Terence
  1175 | D:2      | Killed Terence
  1176 | D:2      | Reached XP level 4. HP: 13/28 MP: 5/5
  1240 | D:2      | Learned a level 1 spell: Apportation
  1244 | D:2      | Learned a level 3 spell: Portal Projectile
  1302 | D:3      | Found Dosa's Magic Scroll Shoppe.
  1313 | D:3      | Bought a scroll of identify for 26 gold pieces
  1313 | D:3      | Bought a scroll of noise for 13 gold pieces
  1313 | D:3      | Bought a scroll of identify for 26 gold pieces
  1313 | D:3      | Bought a scroll of identify for 26 gold pieces
  1336 | D:3      | Noticed Natasha
  1350 | D:3      | HP: 1/28 [Natasha/magic dart (5)]
  1351 | D:3      | Slain by Natasha

Illustrated notes

Levels and vault maps discovered:
D:1:      matt_arrival_diagonals, layout_basic, basic_ecumenical_altar,
          minivault_14
D:2:      layout_basic, uniq_terence
D:3:      layout_loops_ring, mainiacjoe_overflow_tiny_flanked, serial_shops,
          shop, nicolae_shop_bloodbath_and_beyond, nicolae_shop_stone,
          st_stairs_11, kennysheep_generic_room_2, uniq_natasha, uniq_grinder

Skill      XL: |  1  2  3 |
---------------+----------+-----
Ranged Weapons | 3 4 |  4.5
Fighting       | |  1.0
Dodging        | |  2.0
Spellcasting   | |  1.0
Hexes          | |  3.0

Action                   |  1- 3 |  4- 6 || total
-------------------------+-------+-------++-------
Melee: Unarmed           |     1 |     3 ||     4
       Constrict         |     1 |     1 ||     2
       Tentacles         |       |     2 ||     2
 Fire: Sling             |   132 |    13 ||   145
 Cast: Slow              |     2 |       ||     2
  Use: Scroll            |       |     4 ||     4
Armor: Skin              |     3 |       ||     3
Dodge: Dodged            |    44 |     6 ||    50

Table legend: (Time is in decaauts)
 A = Elapsed time spent in this place.
 B = Non-inter-level travel time spent in this place.
 C = Inter-level travel time spent in this place.
 D = Time resting spent in this place.
 E = Time spent auto-exploring this place.
 F = Levels seen in this place.
 G = Mean time per level.
                   A        B        C        D        E       F      G
               +--------+--------+--------+--------+--------+-----+--------+
         Total |   1379 |   1349 |     30 |     98 |    941 |   3 |  459.7 |
       Dungeon |   1379 |   1349 |     30 |     98 |    941 |   3 |  459.7 |
               +--------+--------+--------+--------+--------+-----+--------+

Top non-repeatable levels by time:
     D:2: 758 daAuts
     D:1: 566 daAuts
     D:3: 54 daAuts
